 Dungeon Crawl Stone Soup version 0.18-a0-1140-g8540535 (webtiles) character file.

86 Ijustatesigmund the Distorting Demonspawn (level 4, -1/35 HPs)
             Began as a Demonspawn Abyssal Knight on Jan 21, 2016.
             Was a Believer of Lugonu.
             Succumbed to kobold's curare-tipped needle
             ... on level 3 of the Dungeon.
             The game lasted 00:08:04 (2425 turns).

Ijustatesigmund the Distorting Demonspawn (DsAK)    Turns: 2425, Time: 00:08:05

Health: -1/35      AC: 11    Str: 12    XL:     4   Next: 27%
Magic:  6/6        EV: 10    Int: 13    God:    Lugonu [**....]
Gold:   171        SH:  0    Dex: 14    Spells: 0 memorised, 3 levels left

rFire  . . .     SeeInvis .     a - +2 mace
rCold  . . .     Gourm    +     f - +0 scale mail
rNeg   . . .     Faith    .     (no shield)
rPois  .         Spirit   .     p - +2 helmet
rElec  .         Dismiss  .     (no cloak)
rCorr  .         Reflect  .     (no gloves)
SustAt .         Harm     .     j - +1 pair of boots
MR     .....                    n - amulet of the gourmand
Stlth  ..........               (no ring)
                                q - ring of wizardry

@: lethally poisoned (-1 -> -24), not resistant to hostile enchantments,
extremely unstealthy
A: sturdy frame 1
a: Depart the Abyss, Bend Space, Renounce Religion


You were on level 3 of the Dungeon.
You worshipped Lugonu.
Lugonu was pleased with you.
You were completely stuffed.

You visited 1 branch of the dungeon, and saw 3 of its levels.
You visited the Abyss 1 time.

You collected 171 gold pieces.

Inventory:

Hand Weapons
 a - a +2 mace (weapon)
Missiles
 k - 5 curare-tipped needles
Armour
 f - a +0 scale mail (worn)
 j - a +1 pair of boots (worn)
 p - a +2 helmet (worn)
Jewellery
 n - an amulet of the gourmand (around neck)
 q - a ring of wizardry (left hand)
Scrolls
 h - a scroll of enchant weapon
 i - a scroll of remove curse
 l - a scroll of fog
 m - 2 scrolls of blinking
 o - a scroll of amnesia
 s - a scroll of identify {unknown}
Potions
 d - a potion of heal wounds {unknown}
 e - 2 potions of might
 g - a potion of cancellation
Comestibles
 b - 2 fruits
 c - a bread ration
 r - 3 chunks of flesh


   Skills:
 + Level 3.5 Fighting
 + Level 2.7 Maces & Flails
 + Level 2.4 Armour
 - Level 0.8 Dodging
 + Level 3.6 Invocations


You had 3 spell levels left.
You didn't know any spells.

Dungeon Overview and Level Annotations

Branches:
Dungeon (3/15)

Altars:
Dithmenos


Innate Abilities, Weirdness & Mutations

Your movements are slightly less encumbered by armour (ER -2).


Message History

The hobgoblin shouts!
The kobold shoots a curare-tipped needle.
The curare-tipped needle hits you.
You are more poisoned.
You have difficulty breathing.
You feel as though you will be slow longer.
The kobold shoots a curare-tipped needle.
The curare-tipped needle hits you.
You are more poisoned.
You have difficulty breathing.
* * * LOW HITPOINT WARNING * * *
You feel as though you will be slow longer.
A giant newt comes into view.
You see here 2 curare-tipped needles.
Drink which item? (? for menu, Esc to quit)
It was a potion of cancellation.
Your magical effects are unravelling.
You feel magically purged.
You feel yourself speed up.
You feel a little less mighty now.
You die...

#######.. #.......#
l......## ...gr..##
....%..## .K...$.#
#......#
########@....#
............##
#######....## #
#..†..##. . #.
#...#.....
#.#.#######.........
........(.........<.
.........÷..........
.......)<...........


You could see a hobgoblin, a kobold, a giant newt and a rat.

Vanquished Creatures
  3 adders (D:2)
  2 worms
  A giant gecko (D:2)
  A ball python (D:1)
  2 giant cockroaches (D:2)
  6 goblins
  7 hobgoblins
  10 kobolds
  4 quokkas
  5 bats
  3 giant newts
  7 rats
51 creatures vanquished.

Notes
Turn   | Place    | Note
--------------------------------------------------------------
     0 | Abyss:1  | Ijustatesigmund the Demonspawn Abyssal Knight began the quest for the Orb.
     0 | Abyss:1  | Reached XP level 1. HP: 18/18 MP: 2/2
     9 | D:1      | Escaped the Abyss
   296 | D:1      | Gained mutation: Your movements are slightly less encumbered by armour (ER -2). [demonic ancestry]
   296 | D:1      | Reached XP level 2. HP: 24/24 MP: 4/4
   696 | D:1      | Reached ** piety under Lugonu
  1074 | D:2      | Reached XP level 3. HP: 12/29 MP: 3/5
  1510 | D:2      | Found a shadowy altar of Dithmenos.
  2207 | D:2      | Reached XP level 4. HP: 32/35 MP: 6/6
  2425 | D:3      | Succumbed to kobold's curare-tipped needle

Vault maps used:
D:1:      roderic_crop_circles_arrival_small, serial_bayou_ford_a
D:2:      nicolae_dithmenos_shadow_blocks
D:3:      grunt_qazlal_sundering, gammafunk_temple_overflow_wave,
          serial_corexii_hall, corexii_hall_statues_i, corexii_hall_statues_l,
          minivault_19

Action                   |  1- 3 |  4- 6 || total
-------------------------+-------+-------++-------
Melee: Mace              |   115 |    23 ||   138
Invok: Bend Space        |     1 |       ||     1
  Use: Scroll            |     7 |       ||     7
       Potion            |       |     2 ||     2
  Eat: Chunk             |     7 |     6 ||    13
       Fruit             |     1 |       ||     1
